 Dungeon Crawl Stone Soup version 0.17-a0-1906-g6d5812e (webtiles) character file.

132 zeke the Shield-Bearer (level 4, 0/61 HPs)
             Began as a Minotaur Fighter on Sept 24, 2015.
             Slain by an orc priest
             ... wielding a +0 short sword
              (4 damage)
             ... on level 3 of the Dungeon.
             The game lasted 00:04:42 (1680 turns).

zeke the Shield-Bearer (Minotaur Fighter)           Turns: 1680, Time: 00:04:42

Health: 0/61       AC: 22    Str: 22    XL:     4   Next: 92%
Magic:  3/3        EV:  2    Int:  5    God:
Gold:   147        SH:  9    Dex:  9    Spells: 0 memorised, 3 levels left

rFire  . . .     SeeInvis .     a - +1 war axe
rCold  . . .     Clarity  .     (armour currently unavailable)
rNeg   + + +     SustAt   .     c - +0 shield
rPois  +         Gourm    .     (helmet currently unavailable)
rElec  .         Spirit   .     (cloak currently unavailable)
rCorr  .         Warding  .     (gloves currently unavailable)
rMut   .         NoTele   +     (boots currently unavailable)
MR     .....                    (no amulet)
Stlth  +.........               (no ring)
                                (no ring)

@: tree-form, very slightly contaminated, not resistant to hostile enchantments,
very unstealthy
A: (retaliatory headbutt), (horns 0)
a: no special abilities


You were on level 3 of the Dungeon.
You were not hungry.
You were a tree.
You visited 1 branch of the dungeon, and saw 3 of its levels.

You collected 147 gold pieces.

Inventory:

Hand weapons
 a - a +1 war axe (weapon)
Armour
 b - a +0 scale mail (melded)
 c - a +0 shield (worn)
 j - a +0 cloak (melded)
Scrolls
 i - a scroll of teleportation
Potions
 d - 3 potions of might
 g - a potion of resistance
Books
 k - a book of Frost

   Spells                             Type                      Level
   a - Freeze                         Ice                          1
   b - Throw Frost                    Conjuration/Ice              2
   c - Ozocubu's Armour               Charms/Ice                   3
   d - Throw Icicle                   Conjuration/Ice              4
   e - Summon Ice Beast               Ice/Summoning                4
   f - Condensation Shield            Ice                          4
Comestibles
 e - 2 bread rations
 h - 3 meat rations


   Skills:
 + Level 4.4 Fighting
 * Level 3.9 Axes
 + Level 4.2 Armour
 + Level 1.2 Dodging
 + Level 0.1 Stealth
 + Level 4.6 Shields


You had 3 spell levels left.
You didn't know any spells.

Dungeon Overview and Level Annotations

Branches:
Dungeon (3/15)

Altars:
The Shining One


Innate Abilities, Weirdness & Mutations

((You reflexively headbutt those who attack you in melee.))
((You have a pair of horns on your head.))


Message History

The orc priest is almost dead.
You miss the orc priest. You block the orc priest's attack.
The orc priest hits you but does no damage.
The orc priest barely misses you. x2
You slash the orc priest!
You kill the orc priest!
You barely miss the orc priest.
You flicker back into view.
The orc priest hits you with a short sword.
* * * LOW HITPOINT WARNING * * *
You closely miss the orc priest.
The orc priest looks braver for a moment.
Unknown command.
Drink which item? (? for menu, Esc to quit)
It was a potion of lignification.
You turn into a tree.
Your +0 cloak melds into your body.
Your +0 scale mail melds into your body.
Your roots penetrate the ground.
The orc priest hits you with a short sword.
You die...

.. ########.#####
#............###
#...............
#...............
#...............
........##.....).........
........##......♣........
........##......)o....##
........##............#
........#########.#######
........##[.....#[†.....S
........##.####.#........
..............#.#........
######........#.#........
#........#.#........


You could see an orc priest.

Vanquished Creatures
  An orc priest (D:3)
  Jessica (D:2)
  4 adders
  A worm (D:3)
  A giant gecko (D:2)
  2 orcs (D:3)
  5 giant cockroaches
  2 hobgoblins (D:1)
  6 jackals (D:2)
  5 kobolds
  2 ball pythons
  4 bats (D:1)
  3 giant newts
  6 goblins
  7 rats
50 creatures vanquished.

Vanquished Creatures (others)
  An orc (D:3)
1 creature vanquished.

Grand Total: 51 creatures vanquished

Notes
Turn   | Place    | Note
--------------------------------------------------------------
     0 | D:1      | zeke the Minotaur Fighter began the quest for the Orb.
     0 | D:1      | Reached XP level 1. HP: 19/19 MP: 0/0
   174 | D:1      | Reached XP level 2. HP: 20/27 MP: 1/1
   308 | D:1      | Reached skill level 4 in Fighting
   747 | D:2      | Reached XP level 3. HP: 33/33 MP: 2/2
  1189 | D:2      | Reached skill level 1 in Dodging
  1421 | D:2      | Noticed Jessica
  1432 | D:2      | Killed Jessica
  1432 | D:2      | Reached XP level 4. HP: 26/41 MP: 3/3
  1453 | D:2      | Found a glowing golden altar of the Shining One.
  1680 | D:3      | Slain by an orc priest

Vault maps used:
D:1:      dpeg_arrival_concentric_ovals, serial_park_tiny_pond
D:2:      tso_altar, first_bread, uniq_jessica
D:3:      uniq_iyjb, uniq_natasha

Action                   |  1- 3 |  4- 6 || total
-------------------------+-------+-------++-------
Melee: War axe           |    87 |    25 ||   112
  Use: Scroll            |     5 |     1 ||     6
       Potion            |     2 |     2 ||     4
 Stab: Invisible         |       |     1 ||     1
  Eat: Bread ration      |     1 |       ||     1
